 Dungeon Crawl Stone Soup version 0.30.1-11-g7821555f0a (webtiles) character file.

Game seed: 611468866773672733

45 HakonGodeson the Covered (level 3, -8/29 HPs)
             Began as a Human Fighter on Dec 11, 2023.
             Killed by nerve-wracking pain
             ... invoked by an orc priest
              (14 damage)
             ... on level 4 of the Dungeon.
             The game lasted 00:03:07 (1191 turns).

HakonGodeson the Covered (Human Fighter)            Turns: 1191, Time: 00:03:08

Health: -8/29      AC:  6    Str: 16    XL:     3   Next: 90%
Magic:  3/3        EV:  9    Int: 10    God:
Gold:   29         SH:  4    Dex: 12    Spells: 2/2 levels left

rFire   . . .        a - +0 long sword
rCold   . . .        c - +0 buckler
rNeg    . . .        b - +0 scale mail
rPois   .            (no helmet)
rElec   .            (no cloak)
rCorr   .            (no gloves)
SInv    .            (no boots)
Will    .....        (no amulet) Stlth
                     (no ring)
HPRegen 0.24/turn    (no ring)
MPRegen 0.08/turn

%: no passive effects
@: mighty
A: no striking features
a: no special abilities


You were on level 4 of the Dungeon.
You visited 1 branch of the dungeon, and saw 4 of its levels.

You collected 29 gold pieces.

Inventory:

Hand Weapons
 a - a +0 long sword (weapon)
Armour
 b - a +0 scale mail (worn)
 c - a +0 buckler (worn)
Scrolls
 h - a scroll of immolation {unknown}
Potions
 f - 2 potions of haste
 g - a potion of flight


   Skills:
 * Level 3.3 Fighting
 * Level 2.4 Long Blades
 * Level 3.3 Armour
 * Level 0.7 Dodging
 * Level 0.6 Stealth
 * Level 3.2 Shields


You had 2 spell levels left.
You didn't know any spells.
Your spell library was empty.

Dungeon Overview and Level Annotations

Branches:
Dungeon (4/15)
 Temple: D:4-7

Altars:
Elyvilon
Hepliaklqana
Sif Muna


Message History

There is a stone staircase leading up here.
An orc comes into view. It is wielding a +0 short sword.
The orc shouts!
An orc priest comes into view. It is wielding a +0 club.
An orc comes into view. It is wielding a +0 short sword.
The orc shouts!
The orc priest shouts!
The orc priest looks encouraged for a moment.
You closely miss the orc. The orc barely misses you.
You closely miss the orc. The orc hits you with a +0 short sword.
You barely miss the orc. The orc closely misses you.
The orc hits you but does no damage.
You slash the orc!
You kill the orc!
You hit the orc.
The orc is heavily wounded.
The orc priest mumbles some strange prayers to Beogh against you.
Beogh smites you! The orc barely misses you.
You hit the orc.
The orc is almost dead.
The orc hits you but does no damage. You block the orc's attack.
You hit the orc.
You kill the orc!
You closely miss the orc priest.
The orc priest hits you but does no damage.
You hit the orc priest but do no damage.
The orc priest hits you but does no damage.
The orc priest invokes the aid of Beogh against you.
Beogh smites you!
* * * LOW HITPOINT WARNING * * *
You closely miss the orc priest.
The orc priest hits you but does no damage.
You closely miss the orc priest.
The orc priest hits you but does no damage.
It was a potion of magic.
Magic courses through your body. The orc priest hits you with a +0 club.
* * * LOW HITPOINT WARNING * * *
You feel very mighty all of a sudden.
The orc priest invokes the aid of Beogh against you.
Pain shoots through your body!
You die...

##### ...#
#######.######
.............#
.#####.####.#
#...#...<#
#.########.
#..@o......
##########.


You could see an orc priest.

Vanquished Creatures
  An adder (D:3)
  A worm (D:3)
  A dart slug (D:3)
  3 orcs
  2 ball pythons
  2 bats (D:3)
  An endoplasm (D:3)
  3 giant cockroaches (D:3)
  A goblin (D:1)
  2 hobgoblins (D:1)
  2 jackals (D:3)
  3 quokkas
  3 frilled lizards
  A kobold (D:3)
26 creatures vanquished.

Notes
Turn   | Place    | Note
-------+----------+-------------------------------------------
     0 | D:1      | HakonGodeson the Human Fighter began the quest for the Orb.
     0 | D:1      | Reached XP level 1. HP: 18/18 MP: 1/1
   117 | D:1      | Reached XP level 2. HP: 20/24 MP: 2/2
   409 | D:3      | Reached XP level 3. HP: 29/29 MP: 3/3
   533 | D:3      | Found a shimmering blue altar of Sif Muna.
   571 | D:3      | Found a hazy altar of Hepliaklqana.
   680 | D:3      | Found a white marble altar of Elyvilon.
  1191 | D:4      | Killed from afar by an orc priest

Illustrated notes

Levels and vault maps discovered:
D:1:      lightli_arrival_farm, layout_basic, nicolae_grassy_gnolls
D:2:      layout_basic, minmay_fountain_box, uniq_crazy_yiuf_cottage,
          uniq_robin, uniq_jessica
D:3:      layout_basic, elyvilon_altar_3, mainiacjoe_overflow_tiny_flanked,
          led_sif_pool, grunt_ministairs_4, hangedman_abyss_or_decor_stabs,
          kennysheep_pointless_box, nicolae_concentric_dashed_squares_wild
D:4:      layout_basic, nicolae_ashenzari_panopticon, temple_doors_e,
          gammafunk_ghost_arena, nicolae_elemental_shop, minmay_manual_moon

Action                     || total
---------------------------++-------
  Melee: Long sword        ||   108
    Use: Scroll            ||     2
         Potion            ||     2
 Armour: Scale mail        ||    73
  Dodge: Dodged            ||    79
  Block: Buckler           ||    29
